 Dungeon Crawl Stone Soup version 0.25.1-2-g60ff931df9 (webtiles) character file.

Game seed: 11191819247408898014

310 Almogavar the Chopper (level 6, -6/53 HPs)
             Began as a Hill Orc Fighter on Sept 20, 2020.
             Was an Initiate of Okawaru.
             Mangled by a big kobold
             ... wielding a +3 dagger of distortion
              (19 damage)
             ... on level 3 of the Dungeon.
             The game lasted 00:09:36 (4046 turns).

Almogavar the Chopper (Hill Orc Fighter)            Turns: 4046, Time: 00:09:37

Health: -6/53      AC: 10    Str: 21      XL:     6   Next: 41%
Magic:  6/6        EV:  7    Int:  8      God:    Okawaru [......]
Gold:   209        SH: 10    Dex: 15 (16) Spells: 5/5 levels left

rFire    . . .     SeeInvis .   a - +0 war axe
rCold    . . .     Gourm    .   c - +0 kite shield
rNeg     . . .     Faith    .   b - +0 scale mail
rPois    .         Spirit   .   w - +0 helmet
rElec    .         Reflect  .   (no cloak)
rCorr    .         Harm     .   (no gloves)
MR       +....                  q - +1 pair of boots
Stlth    ..........             k - amulet of magic regeneration
HPRegen  0.17/turn              g - +6 ring of dexterity
MPRegen  0.35/turn              j - ring of protection from magic

@: no status effects
A: no striking features
a: Renounce Religion


You were on level 3 of the Dungeon.
You worshipped Okawaru.
Okawaru was noncommittal.
You were not hungry.

You visited 1 branch of the dungeon, and saw 4 of its levels.

You collected 209 gold pieces.

Inventory:

Hand Weapons
 a - a +0 war axe (weapon)
 e - a +0 hunting sling
Missiles
 n - 73 stones (quivered)
Armour
 b - a +0 scale mail (worn)
 c - a +0 kite shield (worn)
 q - a +1 pair of boots (worn)
 w - a +0 helmet (worn)
Jewellery
 g - a +6 ring of dexterity (left hand)
 j - a ring of protection from magic (right hand)
 k - an amulet of magic regeneration (around neck)
Scrolls
 h - 4 scrolls of fog
 i - 6 scrolls of teleportation
 m - 6 scrolls of remove curse
 s - a scroll of enchant weapon
 u - a scroll of immolation {unknown}
Potions
 d - 3 potions of might
 l - a potion of brilliance {unknown}
 o - 2 potions of mutation {unknown}
 p - 2 potions of curing
 r - a potion of invisibility {unknown}
 v - a potion of lignification {unknown}
Comestibles
 f - 8 rations


   Skills:
 + Level 4.5 Fighting
 + Level 5.9 Axes
 + Level 4.7 Armour
 + Level 0.5 Dodging
 + Level 4.3 Shields


You had 5 spell levels left.
You didn't know any spells.
Your spell library was empty.

Dungeon Overview and Level Annotations

Branches:
Dungeon (4/15)
 Temple: D:4-7

Altars:
Hepliaklqana
Kikubaaqudgha
Okawaru
Qazlal
Trog
Xom
Yredelemnul

Portals:
Abyss: D:3

Annotations:
D:3 1 transporter, UnDebs's ghost, amateur HuGl


Message History

The quasit bites you but does no damage.
You block the quasit's attack. The quasit barely misses you.
The big kobold hits you but does no damage.
Space bends around you.
You closely miss the big kobold.
The big kobold is heavily wounded.
You miss the quasit. You block the quasit's attack.
The quasit claws you but does no damage.
The quasit barely misses you. The shadow imp puffs mist at you.
The big kobold hits you but does no damage.
Space warps horribly around you!!
* * * LOW HITPOINT WARNING * * *
The quasit bites you but does no damage.
You block the quasit's attack.
The quasit claws you but does no damage.
It was a potion of curing.
You feel better.
The big kobold hits you but does no damage.
Space warps horribly around you!!
You die...

.##........(.....#..##..©..######
.........##.####.......###..#####
######...##.#..###...###©##......
#...##.##.K.##..# #..#......
#...##..#..#.####.#.##......
#...#..##.^#.....#.##..####.
#<..#.##..#.#...#.##......#.
#...#.#©..##K5.##.#...###.#.
#.....##.^#@###...###..##...
####...##.5##.### . ##.#####
#...##∩.#....##.###.#
#..##.#.###...##..#.#
#.(#.##^..##..##K##.#
#..##...#..#©.#..#..#
#...####..##..##$#.##
#......####....###.#
##......##..##.....#


You could see a big kobold, a quasit and a shadow imp.

Vanquished Creatures
  A water moccasin skeleton (D:4)
  A centaur skeleton (D:4)
  Jessica (D:3)
  A worker ant (D:2)
  Robin (D:4)
  5 adders
  2 oozes
  6 worms
  3 dart slugs
  A leopard gecko (D:1)
  An orc (D:3)
  7 bats
  6 giant cockroaches
  23 goblins
  14 hobgoblins
  4 jackals (D:2)
  4 kobolds
  A quokka (D:3)
  2 frilled lizards (D:2)
  9 rats
93 creatures vanquished.

Notes
Turn   | Place    | Note
-------+----------+-------------------------------------------
     0 | D:1      | Almogavar the Hill Orc Fighter began the quest for the Orb.
     0 | D:1      | Reached XP level 1. HP: 19/19 MP: 1/1
   206 | D:1      | Reached XP level 2. HP: 19/27 MP: 2/2
   821 | D:1      | Reached skill level 3 in Axes
   947 | D:2      | Reached XP level 3. HP: 21/33 MP: 3/3
  1292 | D:2      | Found a basalt altar of Yredelemnul.
  1295 | D:2      | Found a bloodstained altar of Trog.
  1296 | D:2      | Found a stormy altar of Qazlal.
  1298 | D:2      | Found a hazy altar of Hepliaklqana.
  1386 | D:2      | Reached XP level 4. HP: 40/40 MP: 4/4
  1390 | D:2      | Found an ancient bone altar of Kikubaaqudgha.
  1563 | D:2      | Reached skill level 4 in Axes
  1862 | D:2      | Found a faded altar of an unknown god.
  2227 | D:3      | Found a shimmering altar of Xom.
  2247 | D:3      | Reached XP level 5. HP: 46/46 MP: 5/5
  2388 | D:3      | Noticed Jessica
  2398 | D:3      | Killed Jessica
  2470 | D:3      | Found a transporter.
  2747 | D:3      | Found a one-way gate to the infinite horrors of the Abyss.
  2747 | D:3      | Noticed a big kobold
  2769 | D:3      | Found a transporter.
  2849 | D:3      | Noticed UnDebs's ghost (amateur HuGl)
  2978 | D:4      | Reached skill level 5 in Axes
  2981 | D:4      | Found an iron altar of Okawaru.
  2985 | D:4      | Became a worshipper of Warmaster Okawaru
  3528 | D:4      | Reached XP level 6. HP: 53/53 MP: 6/6
  3670 | D:4      | Noticed Robin
  3680 | D:4      | Killed Robin
  4046 | D:3      | Mangled by a big kobold

Illustrated notes

Levels and vault maps discovered:
D:1:      shiori_arrival_maze, layout_loops_ring
D:2:      layout_basic, kiku_gazebo_pond_becter, grunt_temple_overflow_open,
          first_ration, chequers_ecumenical_altar_simple, minmay_tromino_v4_a
D:3:      layout_basic, gammafunk_ghost_abyssal_escape, xom_teletrap_fun,
          uniq_jessica
D:4:      kennysheep_the_goblin_king, layout_basic, okawaru_gym_becter,
          minmay_fractal_squares_diagonal_5, uniq_robin

Skill      XL: |  1  2  3  4  5 |
---------------+----------------+-----
Axes           | 3 4 5 |  5.9
Armour         | 4 |  4.7
Fighting       | 4 |  4.5
Shields        | 4 |  4.3
Dodging        | |  0.5

Action                   |  1- 3 |  4- 6 || total
-------------------------+-------+-------++-------
Melee: War axe           |   102 |   194 ||   296
  Use: Scroll            |     2 |     3 ||     5
       Potion            |       |     1 ||     1
  Eat: Chunk             |     2 |     8 ||    10
Armor: Scale mail        |    45 |    99 ||   144
Dodge: Dodged            |    26 |    55 ||    81
Block: Kite shield       |    51 |   111 ||   162
